 Dungeon Crawl Stone Soup version 0.18.1-50-g88ac8fd (webtiles) character file.

217 fkyuman the Shield-Bearer (level 6, -6/47 HPs)
             Began as a Human Fighter on Sept 23, 2016.
             Was a Follower of Cheibriados.
             Mangled by a gnoll
             ... wielding a +0 spear
              (9 damage)
             ... on level 4 of the Dungeon on Sept 26, 2016.
             The game lasted 01:00:39 (5351 turns).

fkyuman the Shield-Bearer (Human Fighter)           Turns: 5351, Time: 01:00:40

Health: -6/47      AC:  9    Str: 21    XL:     6   Next: 16%
Magic:  15/15      EV:  7    Int: 12    God:    Cheibriados [*.....]
Gold:   143        SH: 10    Dex: 15    Spells: 0 memorised, 5 levels left

rFire  . . .     SeeInvis .     s - +0 mace
rCold  . . .     Gourm    .     y - +0 chain mail
rNeg   . . .     Faith    .     b - +0 shield
rPois  .         Spirit   .     (no helmet)
rElec  .         Dismiss  .     (no cloak)
rCorr  .         Reflect  .     (no gloves)
SustAt .         Harm     .     (no boots)
MR     .....                    (no amulet)
Stlth  ..........               (no ring)
                                n - ring of magical power

@: about to teleport, very slow, not resistant to hostile enchantments,
extremely unstealthy
A: no striking features
a: Bend Time, Renounce Religion


You were on level 4 of the Dungeon.
You worshipped Cheibriados.
Cheibriados was aware of your devotion.
You were hungry.

You visited 1 branch of the dungeon, and saw 4 of its levels.

You collected 143 gold pieces.

Inventory:

Hand Weapons
 e - a +0 dagger
 h - a +0 dagger
 l - a +0 club
 s - a +0 mace (weapon)
 t - a +0 short sword
 w - a +0 hand axe
Missiles
 g - 19 sling bullets
 i - 36 stones
 k - 19 poisoned needles
 D - 2 tomahawks (quivered)
Armour
 a - a +1 scale mail
 b - a +0 shield (worn)
 j - a +0 ring mail
 p - a +0 ring mail
 r - a +0 leather armour
 u - a +0 leather armour of fire resistance
 y - a +0 chain mail (worn)
Jewellery
 n - a ring of magical power (left hand)
Wands
 q - a wand of disintegration (11/24)
 z - a wand of lightning (1/15)
 A - a wand of acid (6/15)
Scrolls
 m - 2 scrolls of remove curse
 o - a scroll of teleportation
 v - a scroll of immolation
Potions
 c - 2 potions of might
 B - 2 potions of heal wounds
Comestibles
 d - 4 bread rations
 f - a fruit
 x - a slice of pizza


   Skills:
 + Level 3.4 Fighting
 + Level 1.1 Short Blades
 + Level 0.2 Throwing
 + Level 3.9 Armour
 + Level 2.7 Dodging
 + Level 4.3 Shields
 + Level 2.0 Unarmed Combat


You had 5 spell levels left.
You didn't know any spells.

Dungeon Overview and Level Annotations

Branches:
Dungeon (4/15)
 Temple: D:4-7

Altars:
Cheibriados


Message History

You block the gnoll's attack. 2 gnolls come into view.
The gnoll shouts!
You block the gnoll's attack. x2; The gnoll hits you but does no damage.
The gnoll hits you with a flail.
* * * LOW HITPOINT WARNING * * *
You see here a chunk of flesh.
As you read the scroll of teleportation, it crumbles to dust.
You feel strangely unstable. The gnoll barely misses you.
The gnoll hits you but does no damage. The gnoll hits you with a spear.
* * * LOW HITPOINT WARNING * * *
The phantom hits you!
* * * LOW HITPOINT WARNING * * *
The gnoll barely misses you.
You hit the gnoll but do no damage. The gnoll hits you but does no damage.
You block the gnoll's attack. The gnoll hits you but does no damage.
The phantom hits you but does no damage.
The gnoll barely misses you.
The gnoll hits you from afar with a spear!
You die...

#................<....#
#.#......................
.........................
...(..................#..
.........................
.........%............#.#
.........g...............
.$.....gg...............
........@g.g..........
........W..g..........
...................
...................
..................
.................
...((.(..........
.................


You could see a phantom and 6 gnolls.

Vanquished Creatures
  An orc wizard (D:3)
  A giant frog skeleton (D:4)
  7 adders
  An ooze (D:1)
  2 worms
  A dart slug (D:1)
  A giant gecko (D:3)
  8 orcs (D:3)
  3 giant cockroaches
  7 goblins
  5 hobgoblins
  9 jackals
  A ball python (D:3)
  10 bats
  3 giant newts
  8 kobolds
  10 rats
  A plant (D:1)
79 creatures vanquished.

Notes
Turn   | Place    | Note
--------------------------------------------------------------
     0 | D:1      | fkyuman the Human Fighter began the quest for the Orb.
     0 | D:1      | Reached XP level 1. HP: 18/18 MP: 1/1
   555 | D:1      | Reached XP level 2. HP: 24/24 MP: 2/2
  1132 | D:1      | Reached XP level 3. HP: 28/29 MP: 3/3
  1154 | D:1      | Reached skill level 1 in Dodging
  2451 | D:2      | Reached XP level 4. HP: 15/35 MP: 4/4
  3381 | D:3      | Reached XP level 5. HP: 20/41 MP: 5/5
  3666 | D:3      | Reached skill level 4 in Shields
  4615 | D:3      | Found a faded altar to an unknown god.
  4620 | D:3      | Became a worshipper of Cheibriados the Contemplative
  4620 | D:3      | Reached * piety under Cheibriados
  5251 | D:4      | Reached XP level 6. HP: 37/47 MP: 6/6
  5257 | D:4      | Reached skill level 1 in Short Blades
  5278 | D:4      | Noticed a phantom
  5351 | D:4      | Mangled by a gnoll

Skill      XL: |  1  2  3  4  5  6 |
---------------+-------------------+-----
Dodging        | 1 2 |  2.7
Shields        | 4 |  4.3
Short Blades   | 1 |  1.1
Fighting       | |  3.4
Throwing       | |  0.2
Armour         | |  3.9
Unarmed Combat | |  2.0

Action                   |  1- 3 |  4- 6 || total
-------------------------+-------+-------++-------
Melee: Dagger            |   501 |    39 ||   540
       Unarmed           |     6 |       ||     6
       Short sword       |       |   165 ||   165
       Mace              |       |    54 ||    54
Throw: Stone             |    25 |    35 ||    60
       Tomahawk          |       |     6 ||     6
Evoke: Wand              |       |     7 ||     7
  Use: Scroll            |     5 |     5 ||    10
       Potion            |     1 |     5 ||     6
  Eat: Chunk             |     5 |     8 ||    13
       Fruit             |     1 |       ||     1
Armor: Scale mail        |   135 |    96 ||   231
       Chain mail        |       |    56 ||    56
Dodge: Dodged            |    97 |    97 ||   194
Block: Shield            |   144 |   173 ||   317
